[Event "Team 45 45 League T74"]
[Site "Internet Chess Club"]
[Date "2017.10.14"]
[Round "5"]
[White "Xbug"]
[Black "g8wrb"]
[Result "0-1"]
[WhiteElo "1141"]
[BlackElo "1351"]
[Opening "Bogo-Indian defense, Nimzovich variation"]
[ECO "A40"]
[Time "10:11:37"]
[TimeControl "2700+45"]

1. d4 e6 2. c4 Bb4+ 3. Bd2 Qe7 4. Nf3 Nf6 5. a3 Bxd2+ 6. Nbxd2 O-O 7. e3 c5 8.
Qc2 h6 9. Be2 b6 10. O-O Bb7 11. Rab1 Nc6 12. Rfd1 d5 13. cxd5 exd5 14. dxc5
bxc5 15. Nb3 c4 16. Nbd4 Rfc8 17. Rd2 Rd8 18. Rbd1 Ne4 19. Nxc6 Bxc6 20. Rd4
Rab8 21. Nd2 Nd6 22. Nb1 Nb5 23. R4d2 Qg5 24. Bf3 Nc7 25. Nc3 a6 26. Rd4 a5 27.
Qd2 Kf8 28. h3 Ke8 29. Rg4 Qf6 30. Rb1 Rb3 31. Qd4 Qxd4 32. Rxd4 Nb5 33. Nxb5
Rxb5 34. Rd2 f5 35. Rc2 Rb6 36. Kf1 Ke7 37. Ke2 Kf6 38. Kd2 g6 39. Kc3 Ke5 40.
Rd2 Ba4 41. Be2 Rb3+ 42. Kc2 Rxe3+ 43. Kc1 Re4 44. Bf3 Re1+ 45. Bd1 d4 46. Re2+
Rxe2 47. Bxe2 d3 48. Bf3 d2# {White checkmated} 0-1

[Event "Team 45 45 League T74"]
[Site "Internet Chess Club"]
[Date "2017.10.15"]
[Round "5"]
[White "smsxman"]
[Black "mongmong"]
[Result "1-0"]
[WhiteElo "1388"]
[BlackElo "1464"]
[Opening "Nimzo-Indian: three knights variation"]
[ECO "E21"]
[Time "09:30:23"]
[TimeControl "2700+45"]

1. d4 e6 2. c4 Nf6 3. Nc3 Bb4 4. Nf3 b6 5. Qb3 Ba5 6. Bd2 Bb7 7. O-O-O Bxc3 8.
Qxc3 Ne4 9. Qe3 Nxd2 10. Nxd2 Qe7 11. f3 d6 12. Rg1 Nd7 13. g4 O-O-O 14. d5 Rde8
15. dxe6 Qxe6 16. Qc3 Qf6 17. Qc2 Qe5 18. h4 Qe3 19. Rg2 h6 20. Rh2 Re5 21. Kb1
g6 22. Bh3 Qf4 23. Rhh1 Kb8 24. Rde1 Nf6 25. Bg2 Re3 26. Nf1 Ree8 27. Rg1 Qh2
28. Nxh2 {Black resigns} 1-0

[Event "Team 45 45 League T74"]
[Site "Internet Chess Club"]
[Date "2017.10.11"]
[Round "5"]
[White "Toalla"]
[Black "Just-Jim"]
[Result "0-1"]
[WhiteElo "1176"]
[BlackElo "1293"]
[Opening "QGD Slav defense"]
[ECO "D10"]
[Time "17:02:01"]
[TimeControl "2700+45"]

1. d4 d5 2. c4 c6 3. g3 e6 4. Bg2 Nf6 5. Nf3 h6 6. a3 Qa5+ 7. Bd2 Qb6 8. b4 Ne4
9. c5 Qa6 10. Nc3 Nxd2 11. Qxd2 b6 12. O-O Be7 13. Ne5 O-O 14. Qd3 Qxd3 15. Nxd3
Bf6 16. e3 bxc5 17. Nxc5 Na6 18. Rfb1 e5 19. Ne2 Nxc5 20. bxc5 Bg4 21. f3 Bf5
22. Rb4 e4 23. Nf4 g5 24. Nh5 Bh8 25. g4 Bg6 26. Ng3 exf3 27. Bxf3 f5 28. gxf5
Bxf5 29. Nxf5 Rxf5 30. Rf1 Raf8 31. Rbb1 Rxf3 32. Rxf3 Rxf3 33. Re1 Rxe3 34.
Rxe3 Bxd4 35. Kf2 Bxe3+ 36. Kxe3 Kf7 37. Kd4 Ke6 38. h3 Kf5 39. Ke3 h5 40. Kf3
g4+ 41. Kg3 d4 {White resigns} 0-1

[Event "Team 45 45 League T74"]
[Site "Internet Chess Club"]
[Date "2017.10.16"]
[Round "5"]
[White "stantheman59"]
[Black "tasawyer81"]
[Result "1-0"]
[WhiteElo "1260"]
[BlackElo "1133"]
[Opening "Pirc defense"]
[ECO "B07"]
[Time "20:04:47"]
[TimeControl "2700+45"]

1. e4 d6 2. d4 Nf6 3. Nc3 Nbd7 4. Bg5 e5 5. d5 Be7 6. Bxf6 Bxf6 7. Bb5 c6 8.
dxc6 bxc6 9. Bxc6 Rb8 10. Bxd7+ Bxd7 11. b3 Be6 12. Nf3 O-O 13. O-O Bg4 14. Nd5
Bg5 15. c4 Bf4 16. Qd3 f5 17. Nxf4 fxe4 18. Qxe4 exf4 19. Qd5+ Kh8 20. Ng5 Bh5
21. Ne6 {Black resigns} 1-0

[Event "Team 45 45 League T74"]
[Site "Internet Chess Club"]
[Date "2017.10.17"]
[Round "5"]
[White "rhayder"]
[Black "WzeroMN"]
[Result "1-0"]
[WhiteElo "1108"]
[BlackElo "1186"]
[Opening "Ruy Lopez: Möller defense"]
[ECO "C70"]
[Time "14:18:34"]
[TimeControl "2700+45"]

1. e4 e5 2. Nf3 Nc6 3. Bb5 a6 4. Ba4 Bc5 5. O-O Nf6 6. Re1 O-O 7. Bxc6 dxc6 8.
Nxe5 Re8 9. Nd3 Rxe4 10. Nxc5 Rxe1+ 11. Qxe1 b6 12. Ne4 Nxe4 13. Qxe4 Bb7 14.
Nc3 Rb8 15. d3 c5 16. Qg4 Qe8 17. Bh6 g6 18. Bf4 Bc8 19. Qe2 Qxe2 20. Nxe2 Rb7
21. Re1 Bd7 22. Ng3 Be6 23. Ne4 f5 24. Ng5 Bf7 25. Re7 Bd5 26. Be5 Rb8 27. Rxh7
Re8 28. Rh8# {Black checkmated} 1-0

[Event "Team 45 45 League T74"]
[Site "Internet Chess Club"]
[Date "2017.10.14"]
[Round "5"]
[White "seattleblues"]
[Black "Electryon"]
[Result "0-1"]
[WhiteElo "1329"]
[BlackElo "1475"]
[Opening "Queen's pawn"]
[ECO "A40"]
[Time "22:08:37"]
[TimeControl "2700+45"]

1. d4 e6 2. Nf3 f5 3. Bf4 Nf6 4. e3 b6 5. Be2 Bb7 6. Nbd2 Be7 7. O-O O-O 8. h3
d6 9. c3 Nbd7 10. Ng5 Qe8 11. Nxe6 Qg6 12. Nxf8 Qxg2# {White checkmated} 0-1

[Event "Team 45 45 League T74"]
[Site "Internet Chess Club"]
[Date "2017.10.16"]
[Round "5"]
[White "Aquaman"]
[Black "rkjulianjr"]
[Result "0-1"]
[WhiteElo "1268"]
[BlackElo "1309"]
[Opening "Queen's pawn, Mason variation, Steinitz counter-gambit"]
[ECO "D00"]
[Time "20:00:53"]
[TimeControl "2700+45"]

1. d4 d5 2. Bf4 c5 3. e3 Qb6 4. b3 Nf6 5. c3 Bf5 6. Nf3 Nh5 7. Bg3 Nxg3 8. hxg3
h6 9. Ng5 Bg6 10. Nf3 e6 11. Ne5 Nc6 12. Nxg6 fxg6 13. Qg4 Ne7 14. dxc5 Qc6 15.
b4 O-O-O 16. a4 Kb8 17. Qf4+ Ka8 18. Bb5 Qc8 19. Nd2 a6 20. Be2 a5 21. Nb3 g5
22. Qd4 Nc6 23. Qd2 Qc7 24. b5 Ne5 25. b6 Qc6 26. Bb5 Nc4 27. Qc2 Qc8 28. Nd4
Bxc5 29. Bxc4 dxc4 30. Nb5 Rd3 31. O-O Qc6 32. Rab1 Bxb6 33. Rfd1 Rhd8 34. Nd4
Bxd4 35. exd4 Rxd1+ 36. Qxd1 e5 37. Rb5 Rd5 38. Qf3 Rxb5 39. Qxc6 bxc6 40. axb5
cxb5 41. Kf1 a4 42. Ke1 a3 43. Kd1 a2 44. Kc1 a1=Q+ {White resigns} 0-1

[Event "Team 45 45 League T74"]
[Site "Internet Chess Club"]
[Date "2017.10.15"]
[Round "5"]
[White "joaoazm"]
[Black "GiantsFan"]
[Result "1-0"]
[WhiteElo "1330"]
[BlackElo "1096"]
[Opening "QGD semi-Slav: 6.Bd3"]
[ECO "D46"]
[Time "19:04:19"]
[TimeControl "2700+45"]

1. Nf3 d5 2. c4 c6 3. d4 Nf6 4. Nc3 e6 5. e3 Nbd7 6. Bd3 Bc5 7. dxc5 Nxc5 8. Be2
Qa5 9. cxd5 cxd5 10. Qd4 Nfe4 11. b4 Qc7 12. Nb5 Qc6 13. Qxg7 Rf8 14. bxc5 Qxc5
15. Ba3 Qc6 16. Qxf8+ Kd7 17. Qe7# {Black checkmated} 1-0

[Event "Team 45 45 League T74"]
[Site "Internet Chess Club"]
[Date "2017.10.14"]
[Round "5"]
[White "RobertBuice"]
[Black "Rbug"]
[Result "0-1"]
[WhiteElo "1063"]
[BlackElo "1046"]
[Opening "QGD Slav: 3.Nf3"]
[ECO "D11"]
[Time "17:16:01"]
[TimeControl "2700+45"]

1. d4 d5 2. c4 c6 3. Nf3 Bf5 4. Bg5 Nd7 5. Nc3 Ngf6 6. e3 e6 7. Bd3 Bg4 8. O-O
Be7 9. Qb3 Nb6 10. c5 Nbd7 11. Qxb7 Bxf3 12. gxf3 Qc8 13. Qxc8+ Rxc8 14. e4 dxe4
15. fxe4 O-O 16. e5 Nd5 17. Bxe7 Nxe7 18. Ne4 Nd5 19. Ng5 h6 20. Nh7 Rfe8 21.
Kh1 Nf4 22. Rad1 Nxd3 23. Rxd3 Kxh7 24. Rg1 f6 25. exf6 Nxf6 26. Rf3 Rf8 27.
Rfg3 Rg8 28. h4 Ne4 29. Rf3 Rcf8 30. Rxf8 Rxf8 31. h5 Rf4 32. Rg6 Nxf2+ 33. Kg2
Nd3 34. Rxe6 Nxb2 35. Rxc6 Rxd4 36. Ra6 Rd5 37. Rxa7 Rxc5 38. Kg3 Rxh5 39. Kg4
Rb5 40. Kf4 Rc5 41. a3 Rc3 42. Kf5 Rc6 43. a4 Nc4 44. a5 Rc5+ 45. Ke6 Rxa5 46.
Rc7 Ra6+ 47. Kf7 Rf6+ 48. Ke7 Ne5 49. Rc5 Ng6+ 50. Kd7 Nf8+ 51. Ke7 Ne6 52. Re5
Nf4 53. Ke8 Re6+ 54. Rxe6 Nxe6 55. Ke7 Nc5 56. Kf7 h5 57. Ke7 h4 {White resigns}
0-1

[Event "Team 45 45 League T74"]
[Site "Internet Chess Club"]
[Date "2017.10.15"]
[Round "5"]
[White "bmw2002"]
[Black "UrsaMajor"]
[Result "0-1"]
[WhiteElo "1470"]
[BlackElo "1540"]
[Opening "English: closed system"]
[ECO "A25"]
[Time "20:04:52"]
[TimeControl "2700+45"]

1. c4 e5 2. g3 Nc6 3. Bg2 g6 4. Nc3 Bg7 5. e4 Nge7 6. Nge2 O-O 7. d3 d6 8. O-O
Be6 9. Nd5 Qd7 10. Be3 Rac8 11. Rc1 f5 12. c5 fxe4 13. dxe4 b6 14. cxd6 Qxd6 15.
Qb3 Na5 16. Nxe7+ Qxe7 17. Qa4 c5 18. Nc3 Nc6 19. Nb5 Nd4 20. Nxd4 cxd4 21. Bd2
Qd7 22. Bb4 Qxa4 {White resigns} 0-1

[Event "Team 45 45 League T74"]
[Site "Internet Chess Club"]
[Date "2017.10.14"]
[Round "5"]
[White "mongmong"]
[Black "chuckh2"]
[Result "1-0"]
[WhiteElo "1480"]
[BlackElo "1387"]
[Opening "Queen's pawn game"]
[ECO "D04"]
[Time "11:01:23"]
[TimeControl "2700+45"]

1. d4 d5 2. Nf3 Nf6 3. e3 c6 4. Bd3 Bg4 5. h3 Bh5 6. c4 dxc4 7. Bxc4 b5 8. Be2
Nbd7 9. O-O Qc7 10. b3 e5 11. Bb2 e4 12. Nfd2 Bxe2 13. Qxe2 b4 14. Nc4 Be7 15.
Nbd2 O-O 16. Rfc1 Rac8 17. Nf1 Rfe8 18. Ng3 Bd6 19. Nxd6 Qxd6 20. Rc2 Qd5 21.
Rac1 Nb6 22. Rc5 Qd7 23. Qc2 Re6 24. Ne2 Nbd5 25. a3 Qb7 26. a4 Nd7 27. Rxd5 c5
28. Rxd7 Qxd7 29. dxc5 Rec6 30. Bd4 Qe7 31. Ng3 Re8 32. Qc4 a5 33. Qb5 Qe6 34.
Qc4 Qxc4 35. Rxc4 g6 36. f3 exf3 37. gxf3 Rd8 38. Ne4 h6 39. Nd6 f5 40. Kf2 Rd7
41. Kg3 Re7 42. Rc2 Rec7 43. Re2 Re7 44. Nc4 Rce6 45. Nxa5 f4+ 46. Kf2 h5 47.
Nc4 fxe3+ 48. Rxe3 Rxe3 49. Bxe3 {Black resigns} 1-0

[Event "Team 45 45 League T74"]
[Site "Internet Chess Club"]
[Date "2017.10.12"]
[Round "5"]
[White "BrerRabbit"]
[Black "losscause"]
[Result "1/2-1/2"]
[WhiteElo "1352"]
[BlackElo "1449"]
[Opening "Queen's pawn: London system"]
[ECO "A45"]
[Time "19:02:25"]
[TimeControl "2700+45"]

1. d4 Nf6 2. Bf4 d6 3. e3 g6 4. Nf3 Bg7 5. Be2 O-O 6. O-O Nh5 7. Bg5 h6 8. Bh4
Nf6 9. Nbd2 Bd7 10. h3 c5 11. c3 Nc6 12. Bg3 a5 13. a4 Re8 14. Nc4 Ne4 15. Bh2
d5 16. Nce5 cxd4 17. Nxd7 Qxd7 18. cxd4 Nd6 19. Qb3 Nb4 20. Ne5 Qd8 21. Rfc1 Rc8
22. Nd3 Rc4 23. Nxb4 Rxb4 24. Qxd5 Rxb2 25. Kf1 Qb6 26. Bxd6 exd6 27. Bb5 Rd8
28. Ra3 Be5 29. Rac3 Bg7 30. Rc7 Rf8 31. Rxb7 Qd8 32. Rd7 Qf6 33. Qf3 Qe6 34.
Rdc7 d5 35. Bd7 Qb6 36. Bb5 Qe6 37. R7c6 Qd7 38. R6c5 Qe7 39. Rc7 Qe6 40. R7c6
Qd7 {Game drawn by mutual agreement} 1/2-1/2

[Event "Team 45 45 League T74"]
[Site "Internet Chess Club"]
[Date "2017.10.14"]
[Round "5"]
[White "smsxman"]
[Black "arthchan2003"]
[Result "1-0"]
[WhiteElo "1367"]
[BlackElo "1322"]
[Opening "Four knights: Italian variation"]
[ECO "C47"]
[Time "12:00:40"]
[TimeControl "2700+45"]

1. e4 e5 2. Nf3 Nc6 3. Nc3 Nf6 4. Bc4 Nxe4 5. Bxf7+ Kxf7 6. Nxe4 d5 7. Nc3 Be7
8. d3 Rf8 9. O-O Kg8 10. Bd2 Bg4 11. h3 Bh5 12. g4 Bg6 13. Qe1 Rxf3 14. Qe2 Rxh3
15. Kg2 Rh4 16. Rh1 Rxh1 17. Rxh1 d4 18. Ne4 Bxe4+ 19. Qxe4 g6 20. f3 Qd6 21. a3
Rf8 22. Bh6 Rf7 23. Rf1 Bf8 24. Bd2 Bg7 25. Qe1 a6 26. Qb1 Ne7 27. Qa2 Qd5 28.
Qb1 b5 29. c3 c5 30. b3 Rf8 31. c4 bxc4 32. dxc4 Qb7 33. b4 Rc8 34. b5 axb5 35.
cxb5 Ra8 36. a4 Rxa4 37. Qb3+ c4 38. Qxa4 c3 39. Bc1 Nd5 40. Qc4 Kh8 41. Qc6
Qxc6 42. bxc6 Bf8 43. Kg3 Bd6 44. f4 Bc7 45. fxe5 Ne3 46. Rf8+ Kg7 47. Rc8 Bxe5+
48. Kf3 Kf6 49. c7 Kg5 50. Rd8 Bxc7 51. Rxd4 Bb6 52. Bxe3+ Kh4 53. Rc4 Ba5 54.
g5+ Kh3 55. Ke2 Kg3 56. Kd3 Kf3 57. Bd4 Kf4 58. Bxc3+ Kxg5 {Black resigns} 1-0

[Event "Team 45 45 League T74"]
[Site "Internet Chess Club"]
[Date "2017.10.21"]
[Round "5"]
[White "QuieroAprender"]
[Black "Skeptic1972"]
[Result "1-0"]
[WhiteElo "1621"]
[BlackElo "1526"]
[Opening "French: advance variation"]
[ECO "C02"]
[Time "13:03:57"]
[TimeControl "2700+45"]

1. e4 e6 2. d4 d5 3. e5 c5 4. Bb5+ Nd7 5. c3 a6 6. Bxd7+ Bxd7 7. Ne2 Ne7 8. Ng3
Ng6 9. O-O Be7 10. f4 O-O 11. Be3 c4 12. Nd2 b5 13. b4 cxb3 14. Nxb3 Rc8 15. Qd2
Rc4 16. f5 exf5 17. Nxf5 Bxf5 18. Rxf5 Qc7 19. Bg5 Bxg5 20. Rxg5 Rc8 21. Nc5 Qa5
22. Rg3 b4 23. cxb4 Rxb4 24. Rb3 Rb5 25. Qxa5 Rxa5 26. a4 Ne7 27. Nb7 {Black
resigns} 1-0

[Event "Team 45 45 League T74"]
[Site "Internet Chess Club"]
[Date "2017.10.14"]
[Round "5"]
[White "Gilguli"]
[Black "MartyJR"]
[Result "0-1"]
[WhiteElo "1291"]
[BlackElo "1467"]
[Opening "Sicilian defense"]
[ECO "B20"]
[Time "15:10:59"]
[TimeControl "2700+45"]

1. e4 c5 2. a3 Nc6 3. b4 b6 4. b5 Nd4 5. c3 Ne6 6. Bc4 Bb7 7. d3 d5 8. exd5 Bxd5
9. Bxd5 Qxd5 10. Nf3 Nf6 11. c4 Qb7 12. O-O g6 13. Bb2 Bg7 14. d4 cxd4 15. Nxd4
Nxd4 16. Qxd4 Rd8 17. Qh4 O-O 18. Re1 Rd7 19. Ra2 Rfd8 20. a4 Rd1 21. f3 Rxe1+
22. Qxe1 Qc7 23. Nd2 Qc5+ 24. Kh1 Bh6 25. Ba3 Qd4 26. Nf1 Qxc4 27. Re2 Nd5 28.
Re4 Qd3 29. Bb2 Bg7 30. Bxg7 Kxg7 31. Ne3 Nxe3 32. Rxe3 Qd7 33. Kg1 Qd4 34. Kf2
e6 35. Kg3 Qxa4 36. Qc3+ Qd4 37. Qxd4+ Rxd4 38. Ra3 Rd7 39. Kf4 Kf6 40. g4 g5+
41. Ke4 e5 42. Rd3 Rxd3 43. Kxd3 Ke6 44. Ke4 f6 45. h3 h6 46. Kd3 Kd5 47. Kc3
{White resigns} 0-1

[Event "Team 45 45 League T74"]
[Site "Internet Chess Club"]
[Date "2017.10.12"]
[Round "5"]
[White "guyd52"]
[Black "tamky70"]
[Result "1/2-1/2"]
[WhiteElo "1331"]
[BlackElo "1277"]
[Opening "Réti: King's Indian attack (Barcza system)"]
[ECO "A07"]
[Time "19:01:16"]
[TimeControl "2700+45"]

1. Nf3 d5 2. g3 Nc6 3. Bg2 Bg4 4. d3 Nf6 5. O-O Qc8 6. Nbd2 Bh3 7. Re1 Bxg2 8.
Kxg2 e5 9. e4 d4 10. a3 Qd7 11. b4 Bd6 12. Bb2 O-O 13. c3 Rfe8 14. cxd4 Nxd4 15.
Nxd4 exd4 16. Qe2 Re5 17. Bxd4 Rh5 18. h4 Be5 19. Bxe5 Rxe5 20. Nc4 Ree8 21.
Rac1 b6 22. Rh1 h5 23. Rc3 Ng4 24. f3 Ne5 25. Rhc1 Rac8 26. Nxe5 Rxe5 27. f4 Rb5
28. Rc4 c5 29. R1c3 a5 30. bxa5 bxa5 31. Qxh5 Rb2+ 32. Rc2 Rxc2+ 33. Rxc2 Qxd3
34. Rxc5 Qxe4+ 35. Kh2 Rxc5 36. Qxc5 Qe2+ 37. Kh3 Qf1+ 38. Kg4 Qe2+ 39. Kh3 Qe6+
40. f5 Qa6 41. h5 a4 42. Qe5 Qf1+ 43. Kh4 Qh1+ 44. Kg4 Qd1+ 45. Kh4 f6 46. Qe8+
Kh7 47. Qg6+ Kh8 48. Qg4 Qh1+ 49. Qh3 Qe4+ 50. Qg4 Qh1+ 51. Qh3 Qe1 52. Qg4 Qh1+
53. Qh3 Qd1 54. Qg2 Kh7 55. Qh3 Qc1 56. Qg4 Qh1+ 57. Qh3 Qc1 58. Qg4 Qh1+ 59.
Qh3 Qc1 60. Qg4 Qh1+ 61. Qh3 Qc1 62. Qg4 Qh1+ 63. Qh3 Qc1 {Game drawn by
repetition} 1/2-1/2

[Event "Team 45 45 League T74"]
[Site "Internet Chess Club"]
[Date "2017.10.16"]
[Round "5"]
[White "Toalla"]
[Black "Janna"]
[Result "1-0"]
[WhiteElo "1201"]
[BlackElo "1261"]
[Opening "Réti opening"]
[ECO "A06"]
[Time "18:11:21"]
[TimeControl "2700+45"]

1. Nf3 d5 2. c3 Nc6 3. d4 Nf6 4. Bf4 Bf5 5. Nbd2 e6 6. g3 Bd6 7. Ne5 Ne4 8. Bg2
Nxe5 9. Bxe5 Bxe5 10. dxe5 O-O 11. Nxe4 Bxe4 12. Bxe4 dxe4 13. Qxd8 Raxd8 14.
Rd1 b5 15. O-O c5 16. b4 cxb4 17. cxb4 Rd5 18. f4 exf3 19. Rxf3 Rxe5 20. Kf2 Rd5
21. Rfd3 Rfd8 22. Rxd5 exd5 23. Rd4 Kf8 24. e3 Ke7 25. Kf3 Ke6 26. Kf4 Rc8 27.
e4 dxe4 28. Rxe4+ Kf6 29. h4 h6 30. h5 g5+ 31. hxg6 fxg6 32. Rd4 g5+ 33. Kg4 Kg6
34. Rd6+ Kg7 35. Kh5 Rh8 36. Rd7+ Kg8 37. Kg6 Kf8 38. Rd8+ Ke7 39. Rxh8 {Black
resigns} 1-0